 Dungeon Crawl Stone Soup version 0.27.1-33-g824d729ab1 (webtiles) character file.

Game seed: 14535829888415403960

98 zeram the Covert (level 4, -3/29 HPs)
             Began as an Octopode Brigand on Dec 13, 2021.
             Slain by an orc (6 damage)
             ... on level 3 of the Dungeon.
             The game lasted 00:02:33 (2147 turns).

zeram the Covert (Octopode Brigand)                 Turns: 2147, Time: 00:02:33

Health: -3/29      AC:  1    Str: 10    XL:     4   Next: 71%
Magic:  4/4        EV: 12    Int: 14    God:
Gold:   119        SH:  0    Dex: 13    Spells: 3/3 levels left

rFire    . . .     SeeInvis .   a - +3 dagger
rCold    . . .     Faith    .   (no shield)
rNeg     . . .     Spirit   .   (helmet restricted)
rPois    .         Reflect  .   (no amulet)
rElec    .         Harm     .   n - ring of willpower
rCorr    .         Rampage  .   (no ring)
Will     +....                  (no ring)
Stlth    +++++.....             (no ring)
HPRegen  0.09/turn              (no ring)
MPRegen  0.09/turn              (no ring)
                                (no ring)
                                (no ring)

@: no status effects
A: almost no armour, amphibious, 8 rings, camouflage 1, gelatinous body 1,
(nimble swimmer 1), tentacles
a: no special abilities


You were on level 3 of the Dungeon.
You visited 1 branch of the dungeon, and saw 3 of its levels.

You collected 119 gold pieces.

Inventory:

Hand Weapons
 a - a +3 dagger (weapon)
Missiles
 b - 6 poisoned darts (quivered)
 c - 2 curare-tipped darts
Jewellery
 n - a ring of willpower (left tentacle)
Potions
 f - 3 potions of curing
 g - a potion of degeneration {unknown}
 h - a potion of resistance {unknown}
 l - a potion of mutation {unknown}
 m - a potion of flight {unknown}


   Skills:
 - Level 2.0 Fighting
 - Level 2.0 Short Blades
 - Level 2.0 Throwing
 - Level 1.0 Dodging
 + Level 8.3 Stealth


You had 3 spell levels left.
You didn't know any spells.
Your spell library contained the following spells:

 Spells                   Type           Power      Damage    Failure   Level
 Shock                    Conj/Air       0%         1d3       28%         1
 Swiftness                Air            0%         N/A       65%         3
 Airstrike                Air            0%         N/A       96%         4


Dungeon Overview and Level Annotations

Branches:
Dungeon (3/15)

Altars:
Xom


Innate Abilities, Weirdness & Mutations

You cannot wear most types of armour.
You are amphibious.
You can wear up to eight rings at the same time.
Your skin changes colour to match your surroundings (Stealth+).
Your rubbery body absorbs attacks. (AC +1, EV +1)
((You are camouflaged near water. (Stealth+)))
You have tentacles for arms and can constrict up to eight enemies at once.


Message History

Press: ? - help, Q - select action, (/) - cycle Shift-Dir - straight line, f - orc
Aim: an orc, wielding a +0 club and quivering stones (59% to hit)
You throw a poisoned dart. The poisoned dart hits the orc.
The orc is poisoned.
Unknown command.
The orc hits you with a +0 club.
You hit the orc but do no damage. Your grab misses the orc.
The orc closely misses you. The orc hits you with a +0 falchion.
You completely miss the orc. Your grab misses the orc.
The orc closely misses you. The orc hits you with a +0 falchion.
* * * LOW HITPOINT WARNING * * *
There is an open door here.
You closely miss the orc. Your grab misses the orc.
The orc is moderately wounded.
The orc hits you with a +0 club.
* * * LOW HITPOINT WARNING * * *
Unknown command.
The orc throws a stone.
The stone barely misses you.
You kill the orc!
There is an open door here.
You close the door.
Something unseen opens the door.
There is an open door here.
You close the door.
An orc opens the door.
You close the door.
An orc opens the door.
There is an open door here.
You close the door.
An orc opens the door.
You hit the orc but do no damage. You grab the orc. You constrict the orc.
The orc hits you with a +0 falchion.
* * * LOW HITPOINT WARNING * * *
Throw: 7 darts (poison)
Press: ? - help, Q - select action, (/) - cycle Shift-Dir - straight line, f - orc
Aim: an orc, wielding a +0 falchion and wearing a +0 scale mail (moderately wounded, constricted by you, 93% to hit)
You throw a poisoned dart. The poisoned dart hits the orc.
The orc is moderately wounded.
You constrict the orc, but do no damage.
The orc hits you with a +0 falchion.
* * * LOW HITPOINT WARNING * * *
You release your grip on the orc.
The orc hits you with a +0 falchion.
You die...

#.# #..o..'l.....'.
#.#####.#####......##
#....##.....#........
####.##.....#........
#.##.....###......
#.###....# #......
#.# #....# ######.
#.# #....# #l
#@####'### #.
#.ol...# #. ########
##


You could see an iguana and an orc.

Vanquished Creatures
  A water moccasin zombie (D:3)
  A worm (D:2)
  A dart slug (D:1)
  2 orcs (D:3)
  4 endoplasms
  2 giant cockroaches
  4 goblins
  2 hobgoblins (D:1)
  5 kobolds
  A quokka (D:1)
  4 ball pythons
  6 bats
  3 frilled lizards
  4 rats
40 creatures vanquished.

Notes
Turn   | Place    | Note
-------+----------+-------------------------------------------
     0 | D:1      | zeram the Octopode Brigand began the quest for the Orb.
     0 | D:1      | Reached XP level 1. HP: 14/14 MP: 1/1
   293 | D:1      | Reached skill level 6 in Stealth
   293 | D:1      | Reached XP level 2. HP: 13/19 MP: 2/2
   613 | D:1      | Found a faded altar of an unknown god.
   758 | D:1      | Reached XP level 3. HP: 24/24 MP: 3/3
  1149 | D:2      | Reached skill level 7 in Stealth
  1273 | D:2      | Found a shimmering altar of Xom.
  1753 | D:3      | Reached skill level 8 in Stealth
  1753 | D:3      | Reached XP level 4. HP: 12/29 MP: 4/4
  2147 | D:3      | Slain by an orc

Illustrated notes

Levels and vault maps discovered:
D:1:      shiori_arrival_oz, layout_basic, hellmonk_ecumenical_altar_run_dry,
          minmay_tromino_v2
D:2:      layout_rooms, basic_altar
D:3:      kennysheep_goblin_castle, layout_basic,
          hangedman_decor_clover_reticule, kennysheep_generic_room_10

Skill      XL: |  1  2  3 |
---------------+----------+-----
Stealth        | 6 8 |  8.3
Fighting       | |  2.0
Short Blades   | |  2.0
Throwing       | |  2.0
Dodging        | |  1.0

Action                   |  1- 3 |  4- 6 || total
-------------------------+-------+-------++-------
Melee: Dagger            |    53 |    10 ||    63
       Constrict         |     8 |     3 ||    11
       Tentacles         |     7 |     1 ||     8
Throw: Dart              |       |     2 ||     2
  Use: Scroll            |       |     6 ||     6
 Stab: Sleeping          |    17 |       ||    17
Armor: Skin              |    10 |       ||    10
Dodge: Dodged            |    23 |     5 ||    28
